Map: Acropolis LE

Players

poLiCE

  • Race: Terran Terran
  • League: Master
  • Spawn Location: 5:00

Mez - Winner!

  • Race: Terran Terran
  • League: Master
  • Spawn Location: 11:00

VOD

Have the link to the VOD?

Description

Time

  • Played on: Aug. 15, 2019, 4:32 p.m.
  • Length: 5:34
Show
View Real Time Build Order
Export as new Build Order

poLiCE Terran 

Build Orders:  

Get SALT Encoding   

  12  0:01  SCV  
  13  0:13  SCV  
  14  0:20  Supply Depot  
  14  0:46  Barracks  
  14  0:47  Barracks  
  14  0:55  Refinery  
  14  1:04  Refinery  
  14  1:06  SCV  
  15  1:18  SCV  
  16  1:35  Reaper  
  17  1:44  Orbital Command  
  17  1:47  Reaper  
  18  2:07  Reaper  
  18  2:19  Reaper  
  18  2:39  Reaper  
  18  2:41  SCV  
  19  2:51  Reaper  
  19  2:53  SCV  
  21  3:00  Supply Depot  
  21  3:05  SCV  
  21  3:11  Reaper  
  23  3:19  Factory  
  23  3:22  SCV  
  23  3:23  Reaper  
  25  3:37  SCV  
  25  3:41  Supply Depot  
  26  3:43  Reaper  
  27  3:49  SCV  
  28  3:55  Reaper  
  28  4:02  SCV  
  30  4:04  Factory Tech Lab  
  30  4:10  Starport  
  30  4:13  Supply Depot  
  30  4:14  SCV  
  30  4:15  Reaper  
  32  4:23  Cyclone  
  35  4:26  SCV  
  35  4:28  Reaper  
  37  4:38  SCV  
  38  4:53  Viking, Engineering Bay  
  38  4:55  Cyclone  
Show
View Real Time Build Order
Export as new Build Order

Mez Terran - Winner!

Build Orders: Banshee Rush 

Get SALT Encoding   

  12  0:00  SCV  
  13  0:13  SCV  
  14  0:18  Supply Depot  
  14  0:25  SCV  
  15  0:36  Refinery  
  15  0:40  SCV  
  16  0:44  Barracks  
  16  0:52  SCV  
  16  0:54  Refinery  
  17  1:04  SCV  
  18  1:18  SCV  
  20  1:33  Reaper, Orbital Command  
  20  1:38  Factory  
  20  1:47  Supply Depot  
  20  2:03  SCV  
  20  2:05  Reaper  
  22  2:27  Hellion  
  23  2:39  Reaper  
  24  2:48  SCV  
  24  2:49  Command Center  
  27  2:51  Hellion  
  27  3:00  SCV, Supply Depot  
  28  3:10  Starport  
  28  3:12  SCV  
  29  3:14  Hellion  
  31  3:23  Reaper  
  31  3:24  SCV  
  33  3:36  SCV  
  33  3:37  Factory Tech Lab  
  34  3:48  SCV  
  35  3:58  Cloaking Field, Banshee  
  35  4:00  SCV  
  35  4:01  Barracks Reactor  
  35  4:02  Factory Tech Lab  
  39  4:03  Orbital Command  
  39  4:13  SCV  
  39  4:16  Supply Depot  
  40  4:22  Cyclone  
  40  4:23  Orbital Command  
  43  4:25  SCV  
  44  4:40  Supply Depot  
  44  4:42  Banshee  
  44  4:44  Marine  
  44  4:45  Marine  
  49  4:48  SCV x2  
  51  4:54  Siege Tank  
  50  5:10  Marine x2  
  50  5:12  SCV x2  
Tags
 
Add a new tag
Caveats
  • Supply blocks, unpowered buildings, or Contaminate may cause inaccurate times.
  • Supply counts are checked every 10 seconds.